PCL
MEXICO CITY CERVECEROS @ REDWOOD CITY REDWOODS
09/02/2028
 
TOP OF THE 1ST
Mexico City Cerveceros batting - Pitching for Redwood City Redwoods : RHP Will Jackson
Pitching: RHP Will Jackson
Batting: LHB David Hernández 0-0: Ball
1-0: Ball
2-0: Ball
3-0: Base on Balls
Batting: RHB Lee Price 0-0: Called Strike
0-1: Ball
1-1: Ball
David Hernández steals 2nd base
2-1: Ground out 6-3 (Groundball, 6)
David Hernández to third
Batting: LHB Michael Barrett 0-0: Swinging Strike
0-1: Foul Ball, location: 2F
0-2: Fly out, F5 (Popup, 5D)
Batting: SHB George Adams 0-0: Called Strike
0-1: Called Strike
0-2: Ground out 5-3 (Groundball, 5L)
Top of the 1st over - 0 run(s), 0 hit(s), 0 error(s), 1 left on base; Mexico City 0 - Redwood City 0
BOTTOM OF THE 1ST
Redwood City Redwoods batting - Pitching for Mexico City Cerveceros : LHP Sean Perry
Pitching: LHP Sean Perry
Batting: RHB Robert Downing 0-0: Called Strike
0-1: Ball
1-1: Ball
2-1: Swinging Strike
2-2: Ground out 6-3 (Groundball, 6)
Batting: LHB Keith Green 0-0: Ball
1-0: Swinging Strike
1-1: Foul Ball, location: 2F
1-2: Ground out U3 (Groundball, 34)
Batting: RHB Cheng-ho Qiao 0-0: Ball
1-0: Swinging Strike
1-1: Called Strike
1-2: Ball
2-2: Ball
3-2: Foul Ball, location: 2F
3-2: Base on Balls
Batting: LHB Marcos Pérez 0-0: Ball
1-0: Ball
2-0: Called Strike
2-1: Swinging Strike
2-2: Strikes out swinging
Bottom of the 1st over - 0 run(s), 0 hit(s), 0 error(s), 1 left on base; Mexico City 0 - Redwood City 0
TOP OF THE 2ND
Mexico City Cerveceros batting - Pitching for Redwood City Redwoods : RHP Will Jackson
Batting: RHB Ray Ervin 0-0: DOUBLE (Flyball, 78D)
Batting: LHB Juan García 0-0: Ball
1-0: SINGLE (Line Drive, 9LS)
Ray Ervin to third
Batting: LHB Juan Torres 0-0: Ball
1-0: Called Strike
1-1: Ball
2-1: Called Strike
2-2: Strikes out swinging
Batting: SHB Pancho Vásquez 0-0: Foul Ball, location: 2F
0-1: Fly out, F9 (Line Drive, 89M)
Runner from 3rd tags up, SCORES, throw made
Batting: SHB Scott Compton 0-0: Ball
1-0: Ball
2-0: Called Strike
2-1: Ball
3-1: Base on Balls
Juan García to second
Batting: LHB David Hernández 0-0: Called Strike
0-1: Ball
1-1: Fielders Choice at 2nd, U6 (Groundball, 6M)
Top of the 2nd over - 1 run(s), 2 hit(s), 0 error(s), 2 left on base; Mexico City 1 - Redwood City 0
BOTTOM OF THE 2ND
Redwood City Redwoods batting - Pitching for Mexico City Cerveceros : LHP Sean Perry
Batting: RHB Richie Miller 0-0: Ball
1-0: Ball
2-0: Foul Ball, location: 2F
2-1: Ball
3-1: Foul Ball, location: 2F
3-2: Base on Balls
Batting: LHB Pedro Rodríguez 0-0: Ball
1-0: Ball
2-0: Ball
3-0: Base on Balls
Richie Miller to second
Batting: LHB Bill McCraney 0-0: Foul Ball, location: 2F
0-1: Foul Ball, location: 2F
0-2: Ball
1-2: SINGLE (Groundball, 4MD)
Richie Miller to third
Pedro Rodríguez to second
Batting: RHB Héctor Vázquez 0-0: Fly out, F9 (Flyball, 89M)
Runner from 3rd tags up, SCORES, throw made
Batting: RHB David Strickland 0-0: Ball
Bill McCraney steals 2nd base
Pedro Rodríguez to third
1-0: Swinging Strike
1-1: Foul Ball, location: 2F
1-2: Ball
2-2: Ground out 6-3 (Groundball, 6)
Pedro Rodríguez scores
Batting: RHB Robert Downing 0-0: Swinging Strike
0-1: Called Strike
0-2: Strikes out swinging
Bottom of the 2nd over - 2 run(s), 1 hit(s), 0 error(s), 1 left on base; Mexico City 1 - Redwood City 2
TOP OF THE 3RD
Mexico City Cerveceros batting - Pitching for Redwood City Redwoods : RHP Will Jackson
Batting: RHB Lee Price 0-0: Ball
1-0: Swinging Strike
1-1: Ball
2-1: Foul Ball, location: 2F
2-2: Foul Ball, location: 2F
2-2: Strikes out swinging
Batting: LHB Michael Barrett 0-0: Ball
1-0: Ball
2-0: Ball
3-0: Called Strike
3-1: Base on Balls
Batting: SHB George Adams 0-0: 2-RUN HOME RUN (Flyball, 9D), Distance : 351 ft
Batting: RHB Ray Ervin 0-0: Ground out 5-3 (Groundball, 5L)
Batting: LHB Juan García 0-0: Ball
1-0: SINGLE (Groundball, 4MD)
Batting: LHB Juan Torres 0-0: Called Strike
0-1: Ball
1-1: Swinging Strike
1-2: Foul Ball, location: 2F
1-2: Strikes out swinging
Top of the 3rd over - 2 run(s), 2 hit(s), 0 error(s), 1 left on base; Mexico City 3 - Redwood City 2
BOTTOM OF THE 3RD
Redwood City Redwoods batting - Pitching for Mexico City Cerveceros : LHP Sean Perry
Batting: LHB Keith Green 0-0: Ball
1-0: Ball
2-0: Swinging Strike
2-1: Foul Ball, location: 2F
2-2: Fly out, F8 (Flyball, 8LM)
Batting: RHB Cheng-ho Qiao 0-0: Ball
1-0: Ball
2-0: Ball
3-0: Base on Balls
Batting: LHB Marcos Pérez 0-0: Ball
1-0: Ball
2-0: Fly out, F7 (Flyball, 7S)
Batting: RHB Richie Miller 0-0: Ball
1-0: Ball
2-0: Called Strike
2-1: Swinging Strike
2-2: Ball
3-2: Foul Ball, location: 2F
3-2: Base on Balls
Cheng-ho Qiao to second
Batting: LHB Pedro Rodríguez 0-0: Swinging Strike
0-1: Ball
1-1: Foul Ball, location: 2F
1-2: Foul Ball, location: 2F
1-2: Strikes out swinging
Bottom of the 3rd over - 0 run(s), 0 hit(s), 0 error(s), 2 left on base; Mexico City 3 - Redwood City 2
TOP OF THE 4TH
Mexico City Cerveceros batting - Pitching for Redwood City Redwoods : RHP Will Jackson
Batting: SHB Pancho Vásquez 0-0: Reached on error, E6 (Groundball, 6M)
Batting: SHB Scott Compton 0-0: Ball
1-0: Called Strike
1-1: Hit by Pitch
Pancho Vásquez to second
Batting: LHB David Hernández 0-0: Ball
1-0: Ball
2-0: Hit by Pitch
Pancho Vásquez to third
Scott Compton to second
Batting: RHB Lee Price 0-0: Ball
1-0: Foul Ball, location: 2F
1-1: Foul Ball, location: 2F
1-2: Fly out, F7 (Flyball, 7)
Runner from 3rd tags up, SCORES, no throw
Batting: LHB Michael Barrett 0-0: Called Strike
0-1: TRIPLE (Line Drive, 8RXD)
Scott Compton scores
David Hernández scores
Batting: SHB George Adams 0-0: Ball
1-0: Fly out, F7 (Flyball, 78M)
Runner from 3rd tags up, SCORES, no throw
Pitching: RHP José Gusmán
Batting: RHB Ray Ervin 0-0: Ball
1-0: Called Strike
1-1: Foul Ball, location: 2F
1-2: Strikes out swinging passed ball, reaches first!
Batting: LHB Juan García 0-0: Fielders Choice at 2nd, 6-4 (Groundball, 6)
Top of the 4th over - 4 run(s), 1 hit(s), 1 error(s), 0 left on base; Mexico City 7 - Redwood City 2
BOTTOM OF THE 4TH
Redwood City Redwoods batting - Pitching for Mexico City Cerveceros : LHP Sean Perry
Batting: LHB Bill McCraney 0-0: Ball
1-0: Ball
2-0: Foul Ball, location: 2F
2-1: Swinging Strike
2-2: Strikes out swinging
Batting: RHB Héctor Vázquez 0-0: Called Strike
0-1: Ball
1-1: Swinging Strike
1-2: Ball
2-2: Ground out 5-3 (Groundball, 56S)
Batting: RHB David Strickland 0-0: Swinging Strike
0-1: Called Strike
0-2: Strikes out swinging
Bottom of the 4th over - 0 run(s), 0 hit(s), 0 error(s), 0 left on base; Mexico City 7 - Redwood City 2
TOP OF THE 5TH
Mexico City Cerveceros batting - Pitching for Redwood City Redwoods : RHP José Gusmán
Batting: LHB Juan Torres 0-0: Swinging Strike
0-1: Foul Ball, location: 2F
0-2: SOLO HOME RUN (Flyball, 9LD), Distance : 341 ft
Batting: SHB Pancho Vásquez 0-0: Ball
1-0: Foul Ball, location: 2F
1-1: Foul Ball, location: 2F
1-2: Ball
2-2: Strikes out swinging
Batting: SHB Scott Compton 0-0: Ball
1-0: Called Strike
1-1: Called Strike
1-2: Foul Ball, location: 2F
1-2: Hit by Pitch
Batting: LHB David Hernández 0-0: Called Strike
0-1: Ball
1-1: Ball
2-1: Foul Ball, location: 2F
2-2: Ball
3-2: Fly out, F7 (Flyball, 7)
Batting: RHB Lee Price 0-0: Foul Ball, location: 2F
0-1: Swinging Strike
0-2: Ball
1-2: Foul Ball, location: 2F
1-2: Strikes out looking
Top of the 5th over - 1 run(s), 1 hit(s), 0 error(s), 1 left on base; Mexico City 8 - Redwood City 2
BOTTOM OF THE 5TH
Redwood City Redwoods batting - Pitching for Mexico City Cerveceros : LHP Sean Perry
Batting: RHB Robert Downing 0-0: Called Strike
0-1: Foul Ball, location: 2F
0-2: Foul Ball, location: 2F
0-2: Strikes out swinging
Batting: LHB Keith Green 0-0: Ball
1-0: SINGLE (Groundball, 6MD)
Batting: RHB Cheng-ho Qiao 0-0: Ball
1-0: Called Strike
1-1: Ground out 4-3 (Groundball, 4S)
Keith Green to second
Batting: LHB Marcos Pérez 0-0: Ball
1-0: Ball
2-0: Ball
3-0: Called Strike
3-1: Foul Ball, location: 2F
3-2: Base on Balls
Batting: RHB Richie Miller 0-0: Foul Ball, location: 2F
0-1: Swinging Strike
0-2: Ball
1-2: Fly out, F8 (Flyball, 8RD)
Bottom of the 5th over - 0 run(s), 1 hit(s), 0 error(s), 2 left on base; Mexico City 8 - Redwood City 2
TOP OF THE 6TH
Mexico City Cerveceros batting - Pitching for Redwood City Redwoods : RHP José Gusmán
Batting: LHB Michael Barrett 0-0: Foul Ball, location: 2F
0-1: Fly out, F8 (Flyball, 8LM)
Batting: SHB George Adams 0-0: Ball
1-0: Called Strike
1-1: Foul Ball, location: 2F
1-2: Foul Ball, location: 2F
1-2: Ball
2-2: Foul Ball, location: 2F
2-2: Ball
3-2: Foul Ball, location: 2F
3-2: Foul Ball, location: 2F
3-2: Foul Ball, location: 2F
3-2: Base on Balls
Pitching: RHP Daniel Betteridge
Batting: RHB Ray Ervin 0-0: Ball
George Adams steals 2nd base
1-0: Ball
2-0: 2-RUN HOME RUN (Line Drive, 7D), Distance : 356 ft
Batting: LHB Juan García 0-0: Called Strike
0-1: Ground out 6-3 (Groundball, 6)
Batting: LHB Juan Torres 0-0: Called Strike
0-1: Called Strike
0-2: Foul Ball, location: 2F
0-2: Ball
1-2: Strikes out swinging
Top of the 6th over - 2 run(s), 1 hit(s), 0 error(s), 0 left on base; Mexico City 10 - Redwood City 2
BOTTOM OF THE 6TH
Redwood City Redwoods batting - Pitching for Mexico City Cerveceros : LHP Sean Perry
Pitching: RHP David Sheppard
Batting: LHB Pedro Rodríguez 0-0: Called Strike
0-1: SOLO HOME RUN (Flyball, 9D), Distance : 357 ft
Batting: LHB Bill McCraney 0-0: Ball
1-0: Ball
2-0: Called Strike
2-1: Ball
3-1: Reached on error, E4 (Groundball, 4)
Batting: RHB Héctor Vázquez 0-0: Called Strike
0-1: Ball
1-1: Foul Ball, location: 2F
1-2: Ball
2-2: Ball
3-2: Foul Ball, location: 2F
Balk!
Bill McCraney to third
3-2: SINGLE (Groundball, 34) (infield hit)
Bill McCraney scores
Batting: RHB David Strickland 0-0: Ball
1-0: Fly out, F9 (Flyball, 9LMF)
Batting: RHB Robert Downing 0-0: Ball
Throwing error on steal attempt, E2
Héctor Vázquez to third
1-0: Called Strike
1-1: Ball
2-1: Ground out 6-3 (Groundball, 6)
Héctor Vázquez scores
Batting: LHB Keith Green 0-0: Ball
1-0: Ball
2-0: Ball
3-0: Called Strike
3-1: Swinging Strike
3-2: Foul Ball, location: 2F
3-2: Base on Balls
Pitching: LHP Doug Starks
Batting: RHB Cheng-ho Qiao 0-0: SINGLE (Line Drive, 4MD)
Keith Green to second
Batting: LHB Marcos Pérez 0-0: Ball
1-0: Fly out, F7 (Line Drive, 7LD)
Bottom of the 6th over - 3 run(s), 3 hit(s), 2 error(s), 2 left on base; Mexico City 10 - Redwood City 5
TOP OF THE 7TH
Mexico City Cerveceros batting - Pitching for Redwood City Redwoods : RHP Daniel Betteridge
Batting: SHB Pancho Vásquez 0-0: Ground out U3 (Groundball, 34)
Batting: SHB Scott Compton 0-0: Foul Ball, location: 2F
0-1: Foul Ball, location: 2F
0-2: Ball
1-2: Ball
2-2: Ground out 4-3 (Groundball, 4)
Batting: LHB David Hernández 0-0: Ball
1-0: Ball
2-0: Ball
3-0: Foul Ball, location: 2F
3-1: Base on Balls
Batting: RHB Lee Price 0-0: Called Strike
0-1: Swinging Strike
0-2: DOUBLE (Line Drive, 7LD)
David Hernández to third
Runner from 3rd tries for Home, throw and OUT!
Top of the 7th over - 0 run(s), 1 hit(s), 0 error(s), 1 left on base; Mexico City 10 - Redwood City 5
BOTTOM OF THE 7TH
Redwood City Redwoods batting - Pitching for Mexico City Cerveceros : LHP Doug Starks
Batting: RHB Richie Miller 0-0: Ball
1-0: Ball
2-0: Ball
3-0: Called Strike
3-1: Base on Balls
Batting: LHB Pedro Rodríguez 0-0: Ball
1-0: Ball
2-0: Ball
3-0: Called Strike
3-1: Swinging Strike
3-2: Base on Balls
Richie Miller to second
Batting: LHB Bill McCraney 0-0: Ball
1-0: Ball
2-0: Ball
3-0: Called Strike
3-1: Foul Ball, location: 2F
3-2: Foul Ball, location: 2F
3-2: Grounds into double play, 1-6-3 (Groundball, 13)
Richie Miller to third
Batting: RHB Héctor Vázquez 0-0: Ball
1-0: Ball
2-0: Foul Ball, location: 2F
2-1: Ball
3-1: Base on Balls
Batting: RHB David Strickland 0-0: Called Strike
0-1: Ball
1-1: Ball
2-1: Fielders Choice at 2nd, 6-4 (Groundball, 6)
Bottom of the 7th over - 0 run(s), 0 hit(s), 0 error(s), 1 left on base; Mexico City 10 - Redwood City 5
TOP OF THE 8TH
Mexico City Cerveceros batting - Pitching for Redwood City Redwoods : RHP Daniel Betteridge
Batting: LHB Michael Barrett 0-0: Foul Ball, location: 2F
0-1: Foul Ball, location: 2F
0-2: Ball
1-2: SINGLE (Line Drive, 8RS)
Batting: SHB George Adams 0-0: Fly out, F8 (Flyball, 78S)
Batting: RHB Ray Ervin 0-0: Foul Ball, location: 2F
0-1: Ball
1-1: Called Strike
1-2: Strikes out swinging
Batting: LHB Juan García 0-0: Ball
1-0: Ball
2-0: Called Strike
2-1: Swinging Strike
2-2: Fly out, F8 (Flyball, 8RM)
Top of the 8th over - 0 run(s), 1 hit(s), 0 error(s), 1 left on base; Mexico City 10 - Redwood City 5
BOTTOM OF THE 8TH
Redwood City Redwoods batting - Pitching for Mexico City Cerveceros : LHP Doug Starks
Batting: RHB Robert Downing 0-0: Ball
1-0: Ball
2-0: Ball
3-0: Base on Balls
Batting: LHB Keith Green 0-0: Called Strike
0-1: Ball
1-1: Ball
2-1: Ball
3-1: Foul Ball, location: 2F
3-2: Fly out, F8 (Line Drive, 8RD)
Batting: RHB Cheng-ho Qiao 0-0: Ball
1-0: Single, Error in OF, E9, batter to second base
Robert Downing to third
Pitching: RHP Raúl Gómez
Batting: LHB Marcos Pérez 0-0: Ball
1-0: Called Strike
1-1: Ball
2-1: Foul Ball, location: 2F
2-2: Strikes out swinging
Batting: RHB Richie Miller 0-0: Ball
1-0: SINGLE (Line Drive, 56)
Robert Downing scores
Cheng-ho Qiao to third
Runner from 3rd tries for Home, throw and OUT!
Bottom of the 8th over - 1 run(s), 2 hit(s), 1 error(s), 1 left on base; Mexico City 10 - Redwood City 6
TOP OF THE 9TH
Mexico City Cerveceros batting - Pitching for Redwood City Redwoods : RHP Daniel Betteridge
Batting: LHB Juan Torres 0-0: SINGLE (Groundball, 4D)
Batting: SHB Pancho Vásquez 0-0: Sac Bunt - play at first, batter OUT! 1-3
Juan Torres to second
Batting: SHB Scott Compton 0-0: Ball
1-0: Ground out 4-3 (Groundball, 4MS)
Juan Torres to third
Batting: LHB David Hernández 0-0: Swinging Strike
0-1: Ball
1-1: Ground out 6-3 (Groundball, 6M)
Top of the 9th over - 0 run(s), 1 hit(s), 0 error(s), 1 left on base; Mexico City 10 - Redwood City 6
BOTTOM OF THE 9TH
Redwood City Redwoods batting - Pitching for Mexico City Cerveceros : RHP Raúl Gómez
Batting: LHB Pedro Rodríguez 0-0: Called Strike
0-1: Ball
1-1: SINGLE (Line Drive, 4D)
Batting: LHB Bill McCraney 0-0: Foul Ball, location: 2F
0-1: Grounds into double play, 4-6-3 (Groundball, 4M)
Batting: RHB Héctor Vázquez 0-0: Swinging Strike
0-1: Ball
1-1: Foul Ball, location: 2F
1-2: Foul Ball, location: 2F
1-2: Foul Ball, location: 2F
1-2: SINGLE (Groundball, 4MD)
Batting: RHB David Strickland 0-0: Ball
1-0: Called Strike
1-1: Ball
2-1: Foul Ball, location: 2F
2-2: Foul Ball, location: 2F
2-2: Strikes out swinging
Bottom of the 9th over - 0 run(s), 2 hit(s), 0 error(s), 1 left on base; Mexico City 10 - Redwood City 6
Tuesday, August 8th, 2017 - OOTP Baseball 17.12 Build 75